 Dungeon Crawl Stone Soup version 0.21.1-1-g345015f (webtiles) character file.

601 tidbits the Grave Robber (level 7, 0/51 HPs)
             Began as a Gnoll Necromancer on June 15, 2018.
             Was a Follower of Cheibriados.
             Slain by a black bear (3 damage)
             ... on level 5 of the Dungeon.
             The game lasted 00:13:33 (959 turns).

tidbits the Grave Robber (Gnoll Necromancer)         Turns: 959, Time: 00:13:34

Health: 0/51       AC:  5    Str: 12    XL:     7   Next: 41%
Magic:  13/15      EV: 15    Int: 22    God:    Cheibriados [*.....]
Gold:   107        SH:  0    Dex: 17    Spells: 4/17 levels left

rFire    . . .     SeeInvis .   o - -3 morningstar (curse)
rCold    . . .     Gourm    .   (no shield)
rNeg     . . .     Faith    .   B - +0 troll leather armour {Purgy}
rPois    .         Spirit   .   E - +0 helmet
rElec    .         Reflect  .   (no cloak)
rCorr    .         Harm     .   (no gloves)
MR       ++...                  (no boots)
Stlth    ++++......             (no amulet)
HPRegen  0.57/turn              g - ring of protection from magic
MPRegen  0.14/turn              l - ring of stealth

@: very slightly contaminated, very slow
A: distributed training, fangs 1, magic resistance 1, MP-powered wands, strong
nose
a: Bend Time, Renounce Religion


You were on level 5 of the Dungeon.
You worshipped Cheibriados.
Cheibriados was aware of your devotion.
You were hungry.

You visited 2 branches of the dungeon, and saw 7 of its levels.

You collected 107 gold pieces.

Inventory:

Hand Weapons
 a - a +1 dagger of draining
   (You found it on level 1 of the Dungeon)
 h - a +0 hunting sling
 i - a +1 falchion of holy wrath
   (You found it on level 3 of the Dungeon)
 o - a cursed -3 morningstar (weapon)
Missiles
 q - 2 tomahawks (quivered)
Armour
 f - a +0 robe
 B - a +0 troll leather armour (worn) {Purgy}
 E - a +0 helmet (worn)
Jewellery
 g - a ring of protection from magic (left hand)
   (You found it on level 2 of the Dungeon)
 l - a ring of stealth (right hand)
   (You found it on level 2 of the Dungeon)
Scrolls
 n - a scroll of remove curse {unknown}
 r - a scroll of fog
 t - a scroll of identify {unknown}
 u - a scroll of enchant weapon {unknown}
 w - a scroll of teleportation
Potions
 e - a potion of brilliance {unknown}
 j - a potion of might {unknown}
 k - 2 potions of flight
 m - a potion of cancellation
 s - a potion of resistance {unknown}
 v - a potion of heal wounds {unknown}
 x - a potion of mutation {!q}
Books
 b - a book of Necromancy

   Spells                             Type                      Level
   a - Pain                           Necromancy                   1
   b - Animate Skeleton               Necromancy                   1
   c - Vampiric Draining              Necromancy                   3
   d - Regeneration                   Charms/Necromancy            3
   e - Animate Dead                   Necromancy                   4
   f - Borgnjor's Vile Clutch         Necromancy/Earth             5
 p - a book of Changes
   (You found it on level 4 of the Dungeon)

   Spells                             Type                      Level
   a - Beastly Appendage              Transmutation                1
   b - Sticks to Snakes               Transmutation                2
   c - Spider Form                    Transmutation/Poison         3
   d - Ice Form                       Ice/Transmutation            4
   e - Blade Hands                    Transmutation                5
Comestibles
 c - 7 rations


   Skills:
 + Level 2.4 Fighting
 + Level 2.4 Short Blades
 + Level 2.4 Long Blades
 + Level 2.4 Axes
 + Level 2.4 Maces & Flails
 + Level 2.4 Polearms
 + Level 2.4 Staves
 + Level 2.4 Slings
 + Level 2.4 Bows
 + Level 2.4 Crossbows
 + Level 2.4 Throwing
 + Level 2.4 Armour
 + Level 5.2 Dodging
 + Level 4.9 Stealth
 + Level 2.4 Shields
 + Level 2.4 Unarmed Combat
 + Level 5.6 Spellcasting
 + Level 2.0 Conjurations
 + Level 2.0 Hexes
 + Level 2.0 Charms
 + Level 2.0 Summonings
 + Level 7.4 Necromancy
 + Level 2.0 Translocations
 + Level 2.0 Transmutations
 + Level 2.0 Fire Magic
 + Level 2.0 Ice Magic
 + Level 2.0 Air Magic
 + Level 2.0 Earth Magic
 + Level 2.0 Poison Magic
 + Level 2.7 Invocations
 + Level 2.4 Evocations


You had 4 spell levels left.
You knew the following spells:

 Your Spells              Type           Power        Failure   Level  Hunger
a - Pain                  Necr           ####         1%          1    None
d - Vampiric Draining     Necr           #####.....   1%          3    ##.....
n - Animate Skeleton      Necr           N/A          1%          1    None
r - Regeneration          Chrm/Necr      ####......   5%          3    ##.....
v - Borgnjor's Vile Clut  Necr/Erth      ####......   43%         5    #####..


Dungeon Overview and Level Annotations

Branches:
Dungeon (6/15)             Temple (1/1) D:4

Altars:
Ashenzari
Cheibriados
Hepliaklqana
Kikubaaqudgha
Nemelex Xobeh
Qazlal
Ru
Uskayaw
Vehumet
Wu Jian
The Shining One

Annotations:
D:4 Jaiteiro's ghost, amateur TrFi


Innate Abilities, Weirdness & Mutations

Your experience applies equally to all skills.
You have very sharp teeth.
Your uncanny sense of smell can sniff out nearby items.
You are resistant to hostile enchantments. (MR+)
You expend magic power (3 MP) to strengthen your wands.


Message History

The black bear claws you.
The wight hits you from afar with a halberd.
The wight escapes!
The wight struggles to escape constriction.
You hear a shout!
An orc comes into view. It is wielding a club.
Casting: Borgnjor's Vile Clutch
Confirm with . or Enter, or press ? or * to list all spells.
The spell is very dangerous to cast!
Continue anyway?
Aiming: Borgnjor's Vile Clutch
Press: ? - help, Dir - move target cursor, f/p - wight
Aim: a wight, wielding a halberd and wearing a robe You miscast Borgnjor's Vile Clutch.
You momentarily stiffen.
You are feeling hungry.
The zombie hands constrict the wight.
You destroy the wight!
Cheibriados appreciates the change of pace.
Your Conjurations skill increases to level 2!
Your Hexes skill increases to level 2!
Your Charms skill increases to level 2!
Your Summonings skill increases to level 2!
Your Translocations skill increases to level 2!
Your Transmutations skill increases to level 2!
Your Fire Magic skill increases to level 2!
Your Ice Magic skill increases to level 2!
Your Air Magic skill increases to level 2!
Your Earth Magic skill increases to level 2!
Your Poison Magic skill increases to level 2!
The black bear closely misses you. The black bear barely misses you.
The black bear misses you. The wight closely misses you.
The black bear misses you. The black bear claws you. x2
The wight barely misses you.
You climb upwards.
There is a stone staircase leading down here.
Unknown command.
The wight closely misses you. The black bear barely misses you.
The black bear claws you.
The black bear claws you but does no damage.
You hit the black bear.
The black bear is heavily wounded.
The black bear closely misses you. The black bear claws you.
The black bear barely misses you.
Casting: Borgnjor's Vile Clutch
Confirm with . or Enter, or press ? or * to list all spells.
Aiming: Pain
Press: ? - help, Shift-Dir - straight line, f - black bear
Aim: a black bear (heavily wounded, chance to defeat MR: 84%)
The black bear barely resists.
The black bear barely misses you. The black bear claws you.
The black bear closely misses you.
You barely miss the black bear.
The black bear is heavily wounded.
The black bear completely misses you. The black bear misses you.
The black bear claws you.
You hit the black bear.
The black bear is severely wounded.
The black bear goes berserk!
The black bear barely misses you. The black bear misses you.
The black bear barely misses you.
Casting: Pain
Confirm with . or Enter, or press ? or * to list all spells.
Aiming: Pain
Press: ? - help, Shift-Dir - straight line, f/p - black bear
Aim: a black bear (severely wounded, berserk, fast, unusually strong, chance to defeat MR: 84%)
The black bear writhes in agony!
The black bear misses you. The black bear completely misses you.
The black bear claws you.
You barely miss the black bear.
The black bear is almost dead.
The black bear bites you! The black bear closely misses you.
The black bear claws you but does no damage.
The black bear bites you!
* * * LOW HITPOINT WARNING * * *
The black bear completely misses you. x2
It was a potion of mutation.
You feel extremely strange.
You feel your magical essence link to your wands.
You feel resistant to hostile enchantments.
The black bear bites you but does no damage.
The black bear barely misses you. The black bear completely misses you.
The black bear closely misses you. The black bear claws you.
* * * LOW HITPOINT WARNING * * *
The black bear closely misses you.
It was a potion of magic.
Magic courses through your body. The black bear closely misses you.
The black bear misses you. The black bear claws you!
* * * LOW HITPOINT WARNING * * *
Casting: Pain
Confirm with . or Enter, or press ? or * to list all spells.
Aiming: Pain
Press: ? - help, Shift-Dir - straight line, f/p - black bear
Aim: a black bear (almost dead, berserk, fast, unusually strong, chance to defeat MR: 84%)
The black bear barely resists.
The black bear bites you.
* * * LOW HITPOINT WARNING * * *
The black bear misses you. The black bear completely misses you.
The black bear barely misses you. x2; The black bear claws you.
* * * LOW HITPOINT WARNING * * *
Casting: Pain
Confirm with . or Enter, or press ? or * to list all spells.
Aiming: Pain
Press: ? - help, Shift-Dir - straight line, f/p - black bear
Aim: a black bear (almost dead, berserk, fast, unusually strong, chance to defeat MR: 84%)
The black bear writhes in agony!
The black bear bites you.
You die...

.....#........# #..........#
.....#........# . +..........#
....###..####.# ..#######'#####
....###..####.##+#..............#
............#....#...........(..#
............#....#..............#
............#...z#..............#
##'####....##.##h#..............#
......#######.##@###########'####
......#.......#................#
......#.......#................#
......#.......#................#
......#.......#................#
......#...##..##.##.##+##.##...#
......#... #..#### ## #+ #...#
......#<. .... +.......# #######
#.......#


You could see a black bear (berserk) and a wight.

Vanquished Creatures
  Purgy (D:3)
  An ogre (D:5)
  A jelly (D:5)
  A wight (D:6)
  A howler monkey (D:5)
  2 crimson imps (D:5)
  An orc priest (D:6)
  A hound (D:4)
  A bullfrog skeleton (D:5)
  A centaur skeleton (D:5)
  An orc wizard (D:6)
  4 adders
  A shadow imp (D:5)
  2 oozes
  2 worms (D:2)
  2 leopard geckos
  3 orcs
  2 giant cockroaches
  2 hobgoblins
  2 quokkas
  5 bats
  A frilled lizard (D:1)
  4 kobolds
  4 rats
46 creatures vanquished.

Notes
Turn   | Place    | Note
-------+----------+-------------------------------------------
     0 | D:1      | tidbits the Gnoll Necromancer began the quest for the Orb.
     0 | D:1      | Reached XP level 1. HP: 13/13 MP: 6/6
    72 | D:2      | Reached XP level 2. HP: 14/19 MP: 5/7
   143 | D:2      | Found a glowing golden altar of the Shining One.
   174 | D:2      | Reached skill level 5 in Spellcasting
   174 | D:2      | Reached XP level 3. HP: 18/25 MP: 5/9
   177 | D:2      | Learned a level 1 spell: Animate Skeleton
   181 | D:2      | Learned a level 3 spell: Regeneration
   186 | D:2      | Learned a level 3 spell: Vampiric Draining
   239 | D:2      | Reached skill level 1 in Invocations
   244 | D:2      | Found a hazy altar of Hepliaklqana.
   299 | D:4      | Noticed Jaiteiro's ghost (amateur TrFi)
   318 | D:4      | Reached skill level 1 in Fighting
   318 | D:4      | Reached skill level 1 in Short Blades
   318 | D:4      | Reached skill level 1 in Long Blades
   318 | D:4      | Reached skill level 1 in Axes
   318 | D:4      | Reached skill level 1 in Maces & Flails
   318 | D:4      | Reached skill level 1 in Polearms
   318 | D:4      | Reached skill level 1 in Staves
   318 | D:4      | Reached skill level 1 in Slings
   318 | D:4      | Reached skill level 1 in Bows
   318 | D:4      | Reached skill level 1 in Crossbows
   318 | D:4      | Reached skill level 1 in Throwing
   318 | D:4      | Reached skill level 1 in Armour
   318 | D:4      | Reached skill level 1 in Shields
   318 | D:4      | Reached skill level 1 in Unarmed Combat
   318 | D:4      | Reached skill level 1 in Evocations
   318 | D:4      | Reached XP level 4. HP: 27/32 MP: 8/11
   331 | D:3      | Noticed Purgy
   356 | D:3      | Killed Purgy
   356 | D:3      | Reached skill level 1 in Conjurations
   356 | D:3      | Reached skill level 1 in Hexes
   356 | D:3      | Reached skill level 1 in Charms
   356 | D:3      | Reached skill level 1 in Summonings
   356 | D:3      | Reached skill level 1 in Translocations
   356 | D:3      | Reached skill level 1 in Transmutations
   356 | D:3      | Reached skill level 1 in Fire Magic
   356 | D:3      | Reached skill level 1 in Ice Magic
   356 | D:3      | Reached skill level 1 in Air Magic
   356 | D:3      | Reached skill level 1 in Earth Magic
   356 | D:3      | Reached skill level 1 in Poison Magic
   356 | D:3      | Reached XP level 5. HP: 23/37 MP: 3/12
   403 | D:4      | Found a staircase to the Ecumenical Temple.
   405 | D:4      | Noticed a phantom
   411 | Temple   | Entered the Ecumenical Temple
   440 | Temple   | Became a worshipper of Cheibriados the Contemplative
   478 | Temple   | Learned a level 5 spell: Borgnjor's Vile Clutch
   484 | D:5      | Entered Level 5 of the Dungeon
   489 | D:5      | Noticed an ogre
   650 | D:5      | Reached XP level 6. HP: 44/44 MP: 13/13
   656 | D:5      | Reached skill level 2 in Invocations
   699 | D:5      | Reached skill level 2 in Fighting
   699 | D:5      | Reached skill level 2 in Short Blades
   699 | D:5      | Reached skill level 2 in Long Blades
   699 | D:5      | Reached skill level 2 in Axes
   699 | D:5      | Reached skill level 2 in Maces & Flails
   699 | D:5      | Reached skill level 2 in Polearms
   699 | D:5      | Reached skill level 2 in Staves
   699 | D:5      | Reached skill level 2 in Slings
   699 | D:5      | Reached skill level 2 in Bows
   699 | D:5      | Reached skill level 2 in Crossbows
   699 | D:5      | Reached skill level 2 in Throwing
   699 | D:5      | Reached skill level 2 in Armour
   699 | D:5      | Reached skill level 5 in Dodging
   699 | D:5      | Reached skill level 2 in Shields
   699 | D:5      | Reached skill level 2 in Unarmed Combat
   699 | D:5      | Reached skill level 2 in Evocations
   712 | D:6      | Noticed an orc warrior
   778 | D:5      | Reached XP level 7. HP: 19/50 MP: 4/15
   837 | D:5      | Reached * piety under Cheibriados
   945 | D:6      | Reached skill level 2 in Conjurations
   945 | D:6      | Reached skill level 2 in Hexes
   945 | D:6      | Reached skill level 2 in Charms
   945 | D:6      | Reached skill level 2 in Summonings
   945 | D:6      | Reached skill level 2 in Translocations
   945 | D:6      | Reached skill level 2 in Transmutations
   945 | D:6      | Reached skill level 2 in Fire Magic
   945 | D:6      | Reached skill level 2 in Ice Magic
   945 | D:6      | Reached skill level 2 in Air Magic
   945 | D:6      | Reached skill level 2 in Earth Magic
   945 | D:6      | Reached skill level 2 in Poison Magic
   956 | D:5      | Gained mutation: You expend magic power (3 MP) to strengthen your wands. [potion of mutation]
   956 | D:5      | Gained mutation: You are resistant to hostile enchantments. (MR+) [potion of mutation]
   958 | D:5      | HP: 3/51 [black bear (6)]
   959 | D:5      | Slain by a black bear

Skill      XL: |  1  2  3  4  5  6  7 |
---------------+----------------------+-----
Spellcasting   | 5 |  5.6
Invocations    | 1 2 |  2.7
Fighting       | 1 2 |  2.4
Short Blades   | 1 2 |  2.4
Long Blades    | 1 2 |  2.4
Axes           | 1 2 |  2.4
Maces & Flails | 1 2 |  2.4
Polearms       | 1 2 |  2.4
Staves         | 1 2 |  2.4
Slings         | 1 2 |  2.4
Bows           | 1 2 |  2.4
Crossbows      | 1 2 |  2.4
Throwing       | 1 2 |  2.4
Armour         | 1 2 |  2.4
Shields        | 1 2 |  2.4
Unarmed Combat | 1 2 |  2.4
Evocations     | 1 2 |  2.4
Conjurations   | 1 2 |  2.0
Hexes          | 1 2 |  2.0
Charms         | 1 2 |  2.0
Summonings     | 1 2 |  2.0
Translocations | 1 2 |  2.0
Transmutations | 1 2 |  2.0
Fire Magic     | 1 2 |  2.0
Ice Magic      | 1 2 |  2.0
Air Magic      | 1 2 |  2.0
Earth Magic    | 1 2 |  2.0
Poison Magic   | 1 2 |  2.0
Dodging        | 5 |  5.2
Stealth        | |  4.9
Necromancy     | |  7.4

Action                   |  1- 3 |  4- 6 |  7- 9 || total
-------------------------+-------+-------+-------++-------
Melee: Dagger            |    22 |    34 |     1 ||    57
       Bite              |       |     3 |     2 ||     5
       Falchion          |       |     2 |    11 ||    13
       Morningstar       |       |       |     4 ||     4
       Punch             |       |       |     1 ||     1
 Cast: Pain              |    21 |    21 |    11 ||    53
       Regeneration      |     1 |     2 |     1 ||     4
       Vampiric Draining |       |     4 |     2 ||     6
       Borgnjor's Vile C |       |       |     1 ||     1
  Use: Potion            |       |     2 |     3 ||     5
       Scroll            |       |     2 |       ||     2
 Stab: Sleeping          |     7 |     6 |     1 ||    14
  Eat: Chunk             |       |       |     1 ||     1
Armor: Robe              |       |     7 |       ||     7
       Troll leather arm |       |     3 |     4 ||     7
Dodge: Dodged            |    10 |    41 |    48 ||    99
       Rpst.: Falchion   |       |     1 |     4 ||     5

Table legend:
 A = Turns spent in this place as a percentage of turns spent in the entire game.
 B = Non-inter-level travel turns spent in this place as a percentage of non-inter-level travel turns spent in the entire game.
 C = Inter-level travel turns spent in this place as a percentage of turns spent in this place.
 D = Turns resting spent in this place as a percentage of non-inter-level travel turns spent in this place.
 E = Turns spent auto-exploring this place as a percentage of non-inter-level travel turns spent in this place.
 F = Non-inter-level travel turns spent in this place divided by the number of levels of this place that you've seen.
                   A       B       C       D       E      F
               +-------+-------+-------+-------+-------+----------------------
         Total | 100.0 | 100.0 |   2.6 |   0.0 |   0.0 | 133.4
       Dungeon |  93.0 |  95.5 |   0.0 |   0.0 |   0.0 | 148.7
        Temple |   7.0 |   4.5 |  37.3 |   0.0 |   0.0 |  42.0
               +-------+-------+-------+-------+-------+----------------------

Table legend:
 A = Kills in this place as a percentage of kills in entire the game.
 B = Kills by you in this place as a percentage of kills by you in the entire game.
 C = Kills by friends in this place as a percentage of kills by friends in the entire game.
 D = Other kills in this place as a percentage of other kills in the entire game.
 E = Experience gained in this place as a percentage of experience gained in the entire game.
 F = Experience gained in this place divided by the number of levels of this place that you have seen.
                   A       B       C       D       E      F
               +-------+-------+-------+-------+-------+----------------------
         Total | 100.0 | 100.0 |   N/A |   N/A | 100.0 | 122.7
       Dungeon |  95.7 |  95.7 |   N/A |   N/A |  99.3 | 142.2
        Temple |   4.3 |   4.3 |   N/A |   N/A |   0.7 |   6.0
               +-------+-------+-------+-------+-------+----------------------

Vault maps used:
D:1:      mrwooster_arrival_statue_2
D:2:      nicolae_overflow_crystal_walls, overflow_temple_1_default,
          lemuel_crystal_altar, lemuel_doored_altar
D:3:      minmay_wonky_spiral, serial_forest, infiniplex_forest_3_way,
          infiniplex_forest_straight_4, infiniplex_forest_lined_corner,
          infiniplex_forest_lined_3, infiniplex_forest_lined_4_way,
          minmay_divided_ellipse, uniq_purgy
D:4:      kennysheep_mini, minmay_temple_entry_butterflies, first_ration,
          nrook_mini_vaults, uniq_eustachio, uniq_crazy_yiuf_cottage, uniq_ijyb
D:6:      kennysheep_little_box, uniq_menkaure
Temple:   jpeg_temple_island
